 Dungeon Crawl Stone Soup version 0.17-a0-1572-g7a1422d (webtiles) character file.

13128 Jb9000 the Fighter (level 12, -4/103 HPs)
             Began as a Hill Orc Fighter on July 24, 2015.
             Was an Elder of Beogh.
             Killed from afar by a starcursed mass (10 damage)
             ... with an accursed screaming
             ... on level 1 of the Abyss.
             The game lasted 01:28:44 (18653 turns).

Jb9000 the Fighter (Hill Orc Fighter)              Turns: 18653, Time: 01:28:45

Health: -4/103     AC: 30    Str: 20    XL:     12   Next: 2%
Magic:  18/18      EV:  5    Int: 15    God:    Beogh [****..]
Gold:   258        SH: 12    Dex: 13    Spells: 2 memorised, 17 levels left

rFire  . . .     SeeInvis .     H - +3 hammer (protect)
rCold  + . .     Clarity  .     V - +4 plate armour {rC+}
rNeg   . . .     SustAt   .     c - +1 shield
rPois  +         Gourm    .     I - +1 helmet of the Lute {Int+6}
rElec  .         Spirit   .     G - +0 cloak
rCorr  .         Warding  .     i - +0 pair of gloves
rMut   .         Stasis   .     Y - +0 pair of boots
MR     +....                    u - amulet of rage
Stlth  ..........               Z - ring of protection from magic
                                m - ring of poison resistance

@: very slightly contaminated, somewhat resistant to hostile enchantments,
extremely unstealthy
A: no striking features
a: Smiting, Recall Orcish Followers, Renounce Religion, Evoke Berserk Rage


You were on level 1 of the Abyss.
You worshipped Beogh.
Beogh was greatly pleased with you.
You were not hungry.

You visited 1 branch of the dungeon, and saw 11 of its levels.
You visited the Abyss 1 time.

You collected 643 gold pieces.
You spent 385 gold pieces at shops.

Inventory:

Hand weapons
 o - a +3 vampiric demon trident
 w - a +3 hand axe
 F - a +4 quarterstaff of chaos
 H - a +3 hammer of protection (weapon)
 N - a +0 shortbow
Missiles
 d - 61 bolts
 f - a tomahawk of returning
 v - 283 arrows
 A - 21 arrows of frost
 E - 9 tomahawks (quivered)
Armour
 b - a +0 scale mail
 c - a +1 shield (worn)
 i - a +0 pair of gloves (worn)
 G - a +0 cloak (worn)
 I - the +1 helmet of the Lute (worn) {Int+6}
   (You took it off Robin on level 4 of the Dungeon)

   It affects your intelligence (+6).
 V - a +4 plate armour of cold resistance (worn)
 Y - a +0 pair of boots (worn)
Magical staves
 T - an uncursed staff of conjuration
Jewellery
 h - an uncursed ring of wizardry
 j - an uncursed ring of stealth
 k - an uncursed amulet of stasis
 m - a ring of poison resistance (left hand)
 s - an uncursed ring of protection from cold
 u - an amulet of rage (around neck)
 y - an uncursed ring of poison resistance
 C - an uncursed ring of sustain attributes
 L - an uncursed ring of magical power
 Z - a ring of protection from magic (right hand)
Magical devices
 g - a wand of random effects (0)
 x - a wand of random effects (14)
 K - a wand of fireball (1)
 M - a wand of slowing (12)
 P - a wand of lightning (0)
 Q - a wand of cold (2)
Scrolls
 p - 5 scrolls of remove curse
 r - 2 scrolls of blinking
 z - 2 scrolls of magic mapping
 D - 4 scrolls of teleportation
 W - a scroll of identify
Potions
 a - a potion of might
 J - a potion of flight
 O - 2 potions of curing
 R - a potion of cancellation
 S - a potion of magic
 U - a potion of haste
 X - a potion of lignification
Books
 n - a book of Transfigurations

   Spells                             Type                      Level
   a - Stoneskin                      Transmutation/Earth          2
   b - Irradiate                      Conjuration/Transmutation    5
   c - Statue Form                    Transmutation/Earth          6
   d - Hydra Form                     Transmutation                6
   e - Dragon Form                    Transmutation                7
 B - a book of Maledictions

   Spells                             Type                      Level
   a - Corona                         Hexes                        1
   b - Ensorcelled Hibernation        Hexes/Ice                    2
   c - Confuse                        Hexes                        3
   d - Tukima's Dance                 Hexes                        3
   e - Dazzling Spray                 Conjuration/Hexes            3
Miscellaneous
 l - a plain deck of wonders {drawn: 2}
Comestibles
 e - 6 bread rations
 t - 9 royal jellies


   Skills:
 + Level 8.4 Fighting
 - Level 4.2(6.1) Axes
 + Level 5.7(6.2) Maces & Flails
 + Level 0.4 Throwing
 + Level 7.6 Armour
 + Level 2.2 Dodging
 + Level 6.2 Stealth
 + Level 7.3 Shields
 + Level 4.6 Spellcasting
 + Level 5.0 Hexes
 + Level 3.9 Transmutations
 + Level 5.4 Earth Magic
 + Level 5.1 Evocations


You had 17 spell levels left.
You knew the following spells:

 Your Spells              Type           Power        Failure   Level  Hunger
a - Stoneskin             Trmt/Erth      ###.....     99%         2    ##.....
b - Corona                Hex            ###....      95%         1    None


Dungeon Overview and Level Annotations

Branches:
Dungeon (11/15)              Lair (0/8) D:10
 Temple: D:4-7          Orc: D:9-12

Altars:
Cheibriados
Gozag
Qazlal
Sif Muna
Trog
Vehumet

Shops:
D:6 !   D:7 ?

Annotations:
D:5 karlkraus's ghost, experienced MiFi
D:11 Fannar; Sonja


Message History

The starcursed mass engulfs you.
* * * LOW HITPOINT WARNING * * *
A deafening chorus of shrieks assaults your mind!
* * * LOW HITPOINT WARNING * * *
You block the starcursed mass's attack.
A deafening chorus of shrieks assaults your mind!
* * * LOW HITPOINT WARNING * * *
The starcursed mass barely misses you.
Read which item? (? for menu, Esc to quit)
Blink to where?
Press: ? - help, Dir - move target cursor You are very lightly contaminated with residual magic.
As you read the scroll of blinking, it crumbles to dust.
Read which item? (? for menu, Esc to quit)
As you read the scroll of fog, it crumbles to dust.
The scroll dissolves into smoke.
A starcursed mass comes into view.
A starcursed mass splits.
A chorus of shrieks assaults your mind.
You die...

.. # . #... . ... # #
## # #...X..## .. .
..##.####.## .. . . #
....##§# #### #.
#.#..#.#X##..#
#.##...#.#.XxXX#.# #.
...####§.X#...#.#
..#..#.#§#§§###.#..#.
.......@§§# #.# .#.
#.#.##.#§§§§.....#.#.#
#X#§######..###.# X###
#.##. . #. ## .# .# .
.# .# .


You could see 2 starcursed masses.

Vanquished Creatures
  Maud (D:10)
  2 skeletal warriors (D:10)
  A hill giant (D:10)
  An ugly thing (D:8)
  A queen bee (D:11)
  A troll (D:10)
  The ghost of B1inky the Ducker, an average SpFi (D:4)
  4 yaks (D:11)
  5 wraiths (D:11)
  A steam dragon (D:8)
  A hippogriff (D:8)
  A naga (D:9)
  5 orc warriors
  A water moccasin (D:8)
  An ice beast (D:6)
  3 phantoms
  3 ogres
  A wasp (D:10)
  3 sky beasts
  10 centaurs
  2 necrophages
  A crocodile (D:9)
  7 giant frogs
  Blork the orc (D:9)
  3 big kobolds
  23 killer bees
  2 scorpions
  A small abomination (Abyss:1)
  10 wights
  6 crimson imps
  4 hounds
  2 jellies
  A centaur zombie (D:11)
  4 orc priests
  9 orc wizards
  Crazy Yiuf (D:4)
  2 quasits
  2 iguanas
  A centaur skeleton (D:4)
  5 worker ants
  3 hound skeletons
  2 worker ant zombies (D:10)
  Robin (D:4)
  18 adders
  6 shadow imps
  An adder zombie (D:7)
  An ooze (D:1)
  A worm (D:4)
  34 orcs
  4 ball pythons
  2 bat skeletons (D:4)
  4 giant cockroaches
  22 goblins
  22 hobgoblins
  2 quokkas
  16 bats
  6 giant geckos
  A giant gecko zombie (D:6)
  5 giant newts
  14 jackals
  20 kobolds
  19 rats
338 creatures vanquished.

Vanquished Creatures (collateral kills)
  A cyclops (D:11)
  A hungry ghost (D:10)
  A deep elf mage (D:11)
  A vampire mosquito (D:10)
  A mottled dragon (D:11)
  An ogre (D:11)
  A centaur (D:10)
  A quasit (D:10)
  A hound (D:11)
  A killer bee zombie (D:11)
  3 sheep (D:11)
  A worker ant (D:11)
  An adder (D:11)
  2 kobolds (D:11)
17 creatures vanquished.

Vanquished Creatures (others)
  Josephine (D:11)
  An orc knight (D:11)
  2 orc warriors (D:11)
  An orc priest (D:10)
  A killer bee (D:8)
  An orc wizard (D:11)
  3 orcs
  A goblin (D:4)
  A jackal (D:4)
12 creatures vanquished.

Grand Total: 367 creatures vanquished

Notes
Turn   | Place    | Note
--------------------------------------------------------------
     0 | D:1      | Jb9000 the Hill Orc Fighter began the quest for the Orb.
     0 | D:1      | Reached XP level 1. HP: 19/19 MP: 1/1
   339 | D:1      | Reached XP level 2. HP: 27/27 MP: 2/2
   640 | D:1      | Reached skill level 1 in Stealth
  1120 | D:2      | Reached XP level 3. HP: 24/33 MP: 3/3
  2245 | D:3      | Reached XP level 4. HP: 37/40 MP: 4/4
  2669 | D:3      | Reached skill level 4 in Fighting
  2939 | D:4      | Noticed B1inky's ghost (average SpFi)
  2941 | D:4      | Reached XP level 5. HP: 26/46 MP: 5/5
  2966 | D:4      | Killed B1inky's ghost
  2966 | D:4      | Reached skill level 1 in Dodging
  2966 | D:4      | Reached skill level 1 in Spellcasting
  2966 | D:4      | Reached XP level 6. HP: 39/53 MP: 5/7
  3127 | D:4      | Noticed a phantom
  3174 | D:4      | Killed a phantom
  3218 | D:4      | Learned a level 2 spell: Stoneskin
  3323 | D:4      | Learned a level 1 spell: Corona
  3361 | D:4      | Found a snail-covered altar of Cheibriados.
  3422 | D:4      | Reached XP level 7. HP: 46/60 MP: 7/9
  3651 | D:4      | Found an opulent altar of Gozag.
  3772 | D:4      | Noticed Crazy Yiuf
  3780 | D:4      | Killed Crazy Yiuf
  4112 | D:4      | Noticed Robin
  4121 | D:4      | Killed Robin
  4130 | D:4      | Got a steaming helmet
  4144 | D:4      | Identified the +1 helmet of the Lute {Int+6} (You took it off Robin on level 4 of the Dungeon)
  4425 | D:4      | Became a worshipper of Beogh the Brigand
  4748 | D:5      | Entered Level 5 of the Dungeon
  4748 | D:5      | Noticed karlkraus's ghost (experienced MiFi)
  5070 | D:5      | HP: 1/60 [ogre/giant club (17)]
  5071 | D:5      | Reached skill level 5 in Fighting
  5071 | D:5      | Reached skill level 1 in Earth Magic
  5071 | D:5      | Reached skill level 1 in Evocations
  5627 | D:5      | Reached skill level 1 in Maces & Flails
  5759 | D:5      | Gained mutation: You tend to lose your temper in combat. [potion of mutation]
  5759 | D:5      | Gained mutation: Scrolls take you a little longer to read. [potion of mutation]
  5759 | D:5      | Gained mutation: You are weak. (Str -2) [potion of mutation]
  6265 | D:6      | Reached XP level 8. HP: 68/68 MP: 11/11
  6275 | D:6      | Found a stormy altar of Qazlal.
  6309 | D:6      | Acquired Beogh's first power
  6632 | D:6      | Found a bloodstained altar of Trog.
  6682 | D:6      | Found Utzoavut's Distillery.
  6881 | D:6      | Reached skill level 1 in Hexes
  6923 | D:6      | Found a radiant altar of Vehumet.
  6974 | D:6      | Reached skill level 1 in Transmutations
  7220 | D:6      | Reached skill level 5 in Armour
  7459 | D:6      | Bought a potion of cure mutation for 385 gold pieces
  7460 | D:6      | Lost mutation: You are weak. (Str -2) [potion of cure mutation]
  7460 | D:6      | Lost mutation: You tend to lose your temper in combat. [potion of cure mutation]
  7460 | D:6      | Lost mutation: Scrolls take you a little longer to read. [potion of cure mutation]
  7707 | D:6      | Reached skill level 5 in Shields
  7949 | D:7      | Reached XP level 9. HP: 18/74 MP: 12/12
  7977 | D:7      | HP: 3/75 [centaur (8)]
  8425 | D:7      | Acquired Beogh's second power
  8644 | D:7      | Reached skill level 6 in Fighting
  9307 | D:7      | Found Fevapuj's Magic Scroll Shop.
 10587 | D:8      | Reached XP level 10. HP: 76/84 MP: 13/15
 10677 | D:8      | Acquired Beogh's third power
 11809 | D:8      | Noticed a red ugly thing
 11832 | D:8      | Killed a red ugly thing
 11832 | D:8      | Reached skill level 7 in Fighting
 12200 | D:9      | Reached skill level 5 in Stealth
 13783 | D:9      | Noticed Blork the orc
 13809 | D:9      | Found a deep blue altar of Sif Muna.
 13825 | D:9      | Killed Blork the orc
 13846 | D:10     | Entered Level 10 of the Dungeon
 13948 | D:10     | Found a staircase to the Lair.
 13957 | D:10     | Noticed a hill giant
 13980 | D:10     | Killed a hill giant
 14007 | D:10     | Reached XP level 11. HP: 17/92 MP: 17/17
 14825 | D:10     | Noticed Maud
 14903 | D:10     | HP: 4/92 [Maud/vampiric demon trident (8)]
 14908 | D:10     | Killed Maud
 15757 | D:11     | Noticed a skeletal warrior
 15763 | D:11     | Noticed a skeletal warrior
 15765 | D:11     | Noticed a skeletal warrior
 15782 | D:11     | Noticed Sonja
 16101 | D:10     | Killed a skeletal warrior
 16578 | D:10     | Killed a skeletal warrior
 16578 | D:10     | Reached skill level 5 in Maces & Flails
 16725 | D:11     | Noticed Fannar
 16850 | D:11     | Reached skill level 5 in Earth Magic
 16882 | D:11     | Reached skill level 8 in Fighting
 16882 | D:11     | Gained Bladwarg as an ally
 17209 | D:11     | Reached skill level 5 in Evocations
 17714 | D:11     | Noticed Josephine
 17739 | D:11     | Killed Josephine
 17739 | D:11     | Your ally Bladwarg died
 18154 | D:11     | Reached skill level 5 in Hexes
 18154 | D:11     | Reached XP level 12. HP: 94/103 MP: 18/18
 18258 | D:11     | Gained Bogward as an ally
 18264 | D:11     | Acquired Beogh's fourth power
 18318 | D:11     | Your ally Bogward died
 18321 | D:11     | Cast into the Abyss (Sonja)
 18521 | Abyss:1  | Noticed a thrashing horror
 18523 | Abyss:1  | Found a snail-covered altar of Cheibriados.
 18525 | Abyss:1  | Noticed a starcursed mass
 18525 | Abyss:1  | Noticed a starcursed mass
 18613 | Abyss:1  | Noticed a starcursed mass
 18648 | Abyss:1  | HP: 5/103 [starcursed mass/accursed screaming (17)]
 18653 | Abyss:1  | Noticed a starcursed mass
 18653 | Abyss:1  | Killed from afar by a starcursed mass

Vault maps used:
D:1:      dpeg_arrival_court, minivault_23
D:2:      first_bread
D:4:      nicolae_overflow_crystal_walls, overflow_temple_1_default,
          uniq_crazy_yiuf_cottage, uniq_robin
D:5:      kennysheep_mini_moat, minmay_temple_entry_enclosed_plants
D:6:      nicolae_overflow_hidden_temple, nicolae_qazlal_general_emergency,
          kennysheep_mini, serial_shops, shop_fountains
D:7:      nicolae_whirlpool, serial_shops, shop_scrolls
D:9:      tgw_sif, hangedman_abyss_or_decor_lesser_grid, grunt_pizzeria,
          kennysheep_generic_room_6
D:10:     lair_0_dummy, uniq_maud
D:11:     special_room, uniq_fannar, uniq_josephine, uniq_sonja

Action                   |  1- 3 |  4- 6 |  7- 9 | 10-12 || total
-------------------------+-------+-------+-------+-------++-------
Melee: War axe           |   198 |   170 |    31 |       ||   399
       Hammer            |       |       |   774 |  1182 ||  1956
Throw: Tomahawk          |       |       |     1 |    16 ||    17
Invok: Convert to Beogh  |       |       |     1 |       ||     1
       Smiting           |       |       |     2 |    10 ||    12
       Recall Orcish Fol |       |       |       |     1 ||     1
Evoke: Wand              |       |       |     3 |    36 ||    39
       Deck              |       |       |       |     2 ||     2
  Use: Scroll            |     7 |     3 |     8 |     7 ||    25
       Potion            |       |     3 |    10 |     9 ||    22
 Stab: Sleeping          |       |       |     8 |       ||     8
       Distracted        |       |       |       |     3 ||     3
  Eat: Chunk             |     3 |       |     7 |     5 ||    15
       Fruit             |     3 |       |       |     2 ||     5
       Pizza             |     1 |       |     1 |     9 ||    11
       Royal jelly       |     1 |       |       |       ||     1
       Meat ration       |       |       |     4 |     1 ||     5
       Beef jerky        |       |       |     1 |     1 ||     2
       Bread ration      |       |       |       |     1 ||     1
